 Dungeon Crawl Stone Soup version 0.26-a0-455-g0958c023ba (webtiles) character file.

Game seed: 11834531601031327287

2202 gruber the Fighter (level 9, -5/81 HPs)
             Began as a Green Draconian Transmuter on July 29, 2020.
             Was a Follower of Sif Muna.
             Slain by a bullfrog (8 damage)
             ... on level 7 of the Dungeon.
             The game lasted 00:13:06 (9676 turns).

gruber the Fighter (Green Draconian Transmuter)     Turns: 9676, Time: 00:13:07

Health: -5/81      AC:  2    Str: 13    XL:     9   Next: 12%
Magic:  5/13       EV: 19    Int: 16    God:    Sif Muna [*.....]
Gold:   388        SH:  0    Dex: 17    Spells: 4/14 levels left

rFire    . . .     SeeInvis .     - Unarmed
rCold    . . .     Faith    .   (shield currently unavailable)
rNeg     . . .     Spirit   .   (armour unavailable)
rPois    x         Reflect  .   (helmet currently unavailable)
rElec    .         Harm     .   (cloak currently unavailable)
rCorr    .                      (gloves currently unavailable)
MR       .....                  (boots currently unavailable)
Stlth    ++........             a - amulet of the acrobat
HPRegen  0.23/turn              j - ring of flight
MPRegen  0.13/turn              (no ring)

@: short of breath, spider-form, wereblooded, very slightly contaminated
A: tiny, (breathe noxious fumes), unfitting armour, AC +7
a: End Transformation, Channel Magic, Renounce Religion, Evoke Flight


You were on level 7 of the Dungeon.
You worshipped Sif Muna.
Sif Muna was aware of your devotion.
You were a venomous arachnid creature.
You visited 1 branch of the dungeon, and saw 7 of its levels.

You collected 388 gold pieces.

Inventory:

Armour
 h - a +0 cloak (melded)
 i - a +2 pair of boots (melded)
Jewellery
 a - an amulet of the acrobat (around neck)
 j - a ring of flight (left front leg)
 k - an uncursed ring of fire
 t - an uncursed amulet of reflection {unknown}
 x - a cursed ring of attention {unknown}
Wands
 v - a wand of clouds (7)
 w - a wand of flame (21)
 z - a wand of random effects (15)
Scrolls
 c - 3 scrolls of teleportation {unknown}
 e - 9 scrolls of identify {unknown}
 l - a scroll of enchant armour {unknown}
 m - a scroll of remove curse {unknown}
 o - a scroll of random uselessness {unknown}
 p - 2 scrolls of noise {unknown}
 q - 2 scrolls of enchant weapon {unknown}
 u - a scroll of fear {unknown}
 y - a scroll of immolation {unknown}
Potions
 b - a potion of curing
 d - 2 potions of haste
 f - 3 potions of lignification {unknown}
 g - 3 potions of stabbing {unknown}
 n - 3 potions of brilliance {unknown}
 r - 3 potions of ambrosia {unknown}
 s - a potion of flight {unknown}


   Skills:
 * Level 8.3 Fighting
 - Level 1.7 Dodging
 - Level 5.2 Unarmed Combat
 - Level 3.0 Spellcasting
 - Level 6.2 Transmutations
 - Level 6.2 Poison Magic


You had 4 spell levels left.
You knew the following spells:

 Your Spells              Type           Power        Failure   Level
a - Beastly Appendage     Tmut           ###...       6%          1
b - Wereblood             Tmut           ###.....     9%          2
c - Spider Form           Tmut/Pois      ###.......   13%         3
d - Ice Form              Ice/Tmut       ##......     67%         4

Your spell library contained the following spells:

 Spells                   Type           Power        Failure   Level
 Blade Hands              Tmut           ###.......   58%         5


Dungeon Overview and Level Annotations

Branches:
Dungeon (7/15)             Temple (0/1) D:6

Altars:
Hepliaklqana
Makhleb
Okawaru
Sif Muna
Vehumet
Yredelemnul


Innate Abilities, Weirdness & Mutations

((You can breathe blasts of noxious fumes.))
((Your lurid green scales are hard. (AC +7)))
You cannot fit into any form of body armour.
((Your system is resistant to poisons. (rPois)))
((You are cold-blooded and may be slowed by cold attacks.))


Message History

* * * LOW HITPOINT WARNING * * *
You hit Joseph.
Joseph looks as sick as possible!
Joseph is almost dead.
You kill Joseph!
Sif Muna accepts your kill.
Your Fighting skill increases to level 8!
You have reached level 9!
Your experience leads to an increase in your attributes!
Your base attributes are Str 13, Int 15, Dex 12.
Increase (S)trength, (I)ntelligence, or (D)exterity?
You feel clever.
Your scales feel tougher.
The bullfrog hits you.
* * * LOW HITPOINT WARNING * * *
Unknown command.
Unknown command.
You barely miss the bullfrog. The bullfrog closely misses you.
You hit the bullfrog.
The bullfrog is poisoned.
The bullfrog is lightly wounded.
The bullfrog hits you!
You die...

....## .......... ..###
#?.......... .##
#........... ## #...........
# #..#........ ###
..#@....... ###### #####..
#.#..s..... ......
.......###h#[....... #####
#.#..sFs......... #
#.#####.......... ## #.#
###........>. .#### #.#
#...........#
....########.###.#.#.......#
###....).††...#..#.........#
########......###..#######
#..............#...
.........######......


You could see a bullfrog (very poisoned), a howler monkey and a giant cockroach.

Vanquished Creatures
  Joseph (D:7)
  A water moccasin (D:6)
  An orc warrior (D:6)
  An ice beast (D:6)
  2 ogres
  3 phantoms
  2 centaurs (D:6)
  A wyvern zombie (D:6)
  A scorpion (D:5)
  3 killer bees (D:4)
  2 hounds (D:4)
  2 orc wizards
  8 orc priests
  A bullfrog skeleton (D:6)
  An iguana (D:5)
  3 worker ants
  A hound skeleton (D:7)
  4 gnolls (D:6)
  8 adders
  4 ufetubi
  An adder skeleton (D:5)
  A worm (D:6)
  2 dart slugs (D:1)
  3 leopard geckos
  18 orcs
  5 ball pythons
  12 bats
  4 giant cockroaches
  7 goblins
  8 hobgoblins
  12 jackals
  8 kobolds
  3 quokkas
  2 frilled lizards
  A jackal skeleton (D:4)
  A leopard gecko skeleton (D:5)
  8 rats
146 creatures vanquished.

Notes
Turn   | Place    | Note
-------+----------+-------------------------------------------
     0 | D:1      | gruber the Draconian Transmuter began the quest for the
                  | Orb.
     0 | D:1      | Reached XP level 1. HP: 16/16 MP: 3/3
   220 | D:1      | Reached XP level 2. HP: 23/23 MP: 3/5
   441 | D:1      | Learned a level 2 spell: Wereblood
  1098 | D:2      | Reached XP level 3. HP: 28/28 MP: 4/6
  1441 | D:2      | Found an iron altar of Okawaru.
  1773 | D:3      | Reached skill level 5 in Unarmed Combat
  1773 | D:3      | Reached XP level 4. HP: 27/35 MP: 5/7
  2778 | D:3      | Reached XP level 5. HP: 40/40 MP: 8/8
  3119 | D:3      | Learned a level 3 spell: Spider Form
  3483 | D:4      | HP: 2/40 [poisoned by a killer bee]
  3788 | D:4      | Reached XP level 6. HP: 43/47 MP: 9/9
  3876 | D:4      | Found a burning altar of Makhleb.
  3940 | D:4      | Reached skill level 5 in Transmutations
  4595 | D:4      | Your scales start taking on a lurid green colour.
  4595 | D:4      | Reached XP level 7. HP: 5/52 MP: 10/10
  4595 | D:4      | Gained mutation: Your system is resistant to poisons.
                  | (rPois) [Green Draconian growth]
  4991 | D:5      | Entered Level 5 of the Dungeon
  5202 | D:5      | Reached skill level 1 in Poison Magic
  6029 | D:5      | Found a hazy altar of Hepliaklqana.
  6788 | D:4      | Found a shimmering blue altar of Sif Muna.
  6791 | D:4      | Became a worshipper of Sif Muna the Loreminder
  6886 | D:6      | Reached skill level 5 in Poison Magic
  7146 | D:6      | Found a staircase to the Ecumenical Temple.
  7210 | D:6      | Reached XP level 8. HP: 40/59 MP: 12/12
  7274 | D:6      | Reached skill level 2 in Fighting
  7334 | D:6      | Reached skill level 3 in Fighting
  7709 | D:6      | Reached skill level 4 in Fighting
  8003 | D:6      | Reached skill level 5 in Fighting
  8101 | D:6      | Reached * piety under Sif Muna
  8540 | D:6      | Reached skill level 6 in Fighting
  8638 | D:6      | Found a basalt altar of Yredelemnul.
  8638 | D:6      | Found a radiant altar of Vehumet.
  9020 | D:6      | HP: 2/71 [gnoll/+1 spear of venom (7)]
  9021 | D:6      | Reached skill level 7 in Fighting
  9312 | D:6      | Learned a level 4 spell: Ice Form
  9645 | D:7      | Noticed Joseph
  9674 | D:7      | Killed Joseph
  9674 | D:7      | Reached skill level 8 in Fighting
  9674 | D:7      | Reached XP level 9. HP: 6/81 MP: 5/13
  9674 | D:7      | HP: 3/81 [bullfrog (3)]
  9676 | D:7      | Slain by a bullfrog

Illustrated notes

Levels and vault maps discovered:
D:1:      dpeg_arrival_rooms_c, layout_loops_corners, minivault_19
D:2:      layout_rooms, okawaru_metal_pillars_1_2
D:3:      layout_basic
D:4:      layout_basic, lemuel_blue_sif_altar, kennysheep_mini
D:5:      layout_basic, minmay_misc_feat_enclosed,
          minmay_misc_feat_four_crosses, lemuel_tele_altar
D:6:      layout_basic, gammafunk_temple_overflow_elements, temple_pool_b,
          portal_sewer_entry_b
D:7:      layout_rooms, kennysheep_vampire_church, uniq_joseph

Skill      XL: |  1  2  3  4  5  6  7  8 |
---------------+-------------------------+-----
Unarmed Combat | 4 5 |  5.2
Transmutations | 3 4 6 |  6.2
Spellcasting   | 3 |  3.0
Poison Magic   | 6 |  6.2
Fighting       | 8 |  8.3
Dodging        | |  1.7

Action                   |  1- 3 |  4- 6 |  7- 9 || total
-------------------------+-------+-------+-------++-------
Melee: Unarmed           |   134 |   183 |   248 ||   565
       Kick              |     9 |    21 |    14 ||    44
       Headbutt          |     4 |     8 |     7 ||    19
       Tailslap          |    17 |    12 |    14 ||    43
       Punch             |     2 |       |     2 ||     4
 Cast: Beastly Appendage |    19 |    16 |     9 ||    44
       Wereblood         |     3 |     5 |    15 ||    23
       Spider Form       |       |     2 |    22 ||    24
 Abil: Breathe Noxious F |       |       |     1 ||     1
  Use: Potion            |       |     2 |     1 ||     3
 Stab: Confused          |       |       |     1 ||     1
Armor: Skin              |    33 |    75 |    28 ||   136
Dodge: Dodged            |   112 |   162 |   190 ||   464

Table legend: (Time is in decaauts)
 A = Elapsed time spent in this place.
 B = Non-inter-level travel time spent in this place.
 C = Inter-level travel time spent in this place.
 D = Time resting spent in this place.
 E = Time spent auto-exploring this place.
 F = Levels seen in this place.
 G = Mean time per level.
                   A        B        C        D        E       F      G
               +--------+--------+--------+--------+--------+-----+--------+
         Total |   9631 |   9336 |    295 |   1922 |   6031 |   7 | 1375.9 |
       Dungeon |   9631 |   9336 |    295 |   1922 |   6031 |   7 | 1375.9 |
               +--------+--------+--------+--------+--------+-----+--------+

Top non-repeatable levels by time:
     D:6: 2665 daAuts
     D:4: 2631 daAuts
     D:3: 1127 daAuts
     D:5: 1096 daAuts
     D:1: 1055 daAuts
     D:2: 918 daAuts
     D:7: 136 daAuts
